 Dungeon Crawl Stone Soup version 0.23.1 (webtiles) character file.

Game seed: 4790122476677211630

33 Irenicus the Caller (level 3, 0/19 HPs)
             Began as a Tengu Summoner on Mar 11, 2019.
             Slain by a bat (1 damage)
             ... on level 2 of the Dungeon.
             The game lasted 00:04:22 (717 turns).

Irenicus the Caller (Tengu Summoner)                 Turns: 717, Time: 00:04:23

Health: 0/19       AC:  2    Str:  8    XL:     3   Next: 29%
Magic:  4/7        EV: 12    Int: 16    God:
Gold:   108        SH:  0    Dex: 14    Spells: 5/6 levels left

rFire    . . .     SeeInvis .   h - +0 hand axe (curse)
rCold    . . .     Gourm    .   (no shield)
rNeg     . . .     Faith    .   a - +0 robe
rPois    .         Spirit   .   (helmet restricted)
rElec    .         Reflect  .   (no cloak)
rCorr    .         Harm     .   (no gloves)
MR       .....                  (boots unavailable)
Stlth    ++........             (no amulet)
HPRegen  0.06/turn              (no ring)
MPRegen  0.10/turn              (no ring)

@: very slightly contaminated
A: beak, talons 3
a: no special abilities


You were on level 2 of the Dungeon.
You were not hungry.

You visited 1 branch of the dungeon, and saw 2 of its levels.

You collected 108 gold pieces.

Inventory:

Hand Weapons
 d - a +0 club
   (You took it off a goblin on level 1 of the Dungeon)
 h - a cursed +0 hand axe (weapon)
   (You found it on level 1 of the Dungeon)
Armour
 a - a +0 robe (worn)
Scrolls
 e - a scroll of identify {unknown}
 f - a scroll of enchant weapon {unknown}
 j - a scroll of magic mapping {unknown}
Potions
 b - a potion of heal wounds {unknown}
 g - a potion of curing {unknown}
 i - a potion of haste {unknown}
Comestibles
 c - 3 rations
 k - 3 chunks of flesh {@w0}


   Skills:
 - Level 2.2 Dodging
 - Level 2.0 Stealth
 - Level 2.0 Spellcasting
 + Level 6.1 Summonings


You had 5 spell levels left.
You knew the following spells:

 Your Spells              Type           Power        Failure   Level  Hunger
a - Summon Small Mammal   Summ           ###.         1%          1    #......

Your spell library contained the following spells:

 Spells                   Type           Power        Failure   Level  Hunger
 Call Imp                 Summ           ###.....     2%          2    ###....
 Call Canine Familiar     Summ           ###.....     4%          3    ###....
 Summon Guardian Golem    Hex/Summ       ##......     19%         3    ###....
 Summon Ice Beast         Ice/Summ       ##......     52%         4    #####..
 Summon Lightning Spire   Summ/Air       ##......     52%         4    #####..


Dungeon Overview and Level Annotations

Branches:
Dungeon (2/15)

Altars:


Innate Abilities, Weirdness & Mutations

You have a beak for a mouth.
You have claws for feet.


Message History

The quokka bites your quokka.
Your quokka bites the quokka.
The quokka dies!
Your magical contamination has completely faded away.
Your rat disappears in a puff of smoke!
Your quokka disappears in a puff of smoke!
MP restored: 7
j - a scroll labeled KOCLIKHIBIY You now have 89 gold pieces (gained 8).
A hobgoblin comes into view. It is wielding a +0 club.
The hobgoblin shouts!
You now have 6/7 mp.
The hobgoblin barely misses your quokka.
You now have 5/7 mp.
The hobgoblin closely misses your quokka.
Your quokka bites the hobgoblin.
Your quokka bites the hobgoblin.
The hobgoblin dies!
You swap places.
You now have 104 gold pieces (gained 15).
Things that are here:
a +0 club; a hobgoblin corpse You butcher the hobgoblin corpse.
k - 3 chunks of flesh {@w0}
Things that are here:
a +0 club; a hobgoblin skeleton Unknown command.
You now have 108 gold pieces (gained 4).
As you open the door, it creaks loudly!
A frilled lizard and a rat come into view.
The frilled lizard hisses angrily.
You hear a bark!
The rat twitches its whiskers.
A jackal comes into view.
There is an open door here.
MP restored: 7 The rat bites you.
You take 1 damage, and have 11/19 hp.
You completely miss the frilled lizard. You hit the rat.
You kill the rat!
The frilled lizard closely misses you.
Your quokka bites the frilled lizard.
The frilled lizard dies!
You closely miss the jackal. Your kick misses the jackal.
Your peck misses the jackal. The jackal barely misses you.
Your quokka bites the jackal but does no damage.
You hit the jackal. You peck the jackal. The jackal bites you.
Your quokka barely misses the jackal.
The jackal bites you but does no damage.
You take 1 damage, and have 10/19 hp.
You barely miss the jackal. Your kick misses the jackal.
Your rat disappears in a puff of smoke!
The jackal closely misses you.
Your quokka bites the jackal.
The jackal dies!
There is an open door here. 2 jackals come into view.
A bat comes into view.
A jackal comes into view.
The jackal barks! x2
A bat comes into view.
The jackal misses you.
Your quokka disappears in a puff of smoke!
The bat hits you. The bat completely misses you. The jackal barely misses you.
You take 1 damage, and have 10/19 hp.
You now have 6/7 mp.
You hit the jackal but do no damage. You claw the jackal, but do no damage.
You barely miss the bat. You closely miss the bat. The bat hits you.
Your bat closely misses the bat.
The bat hits you but does no damage.
Your bat hits the bat.
The jackal bites you but does no damage.
Your bat barely misses the bat.
The bat hits your bat but does no damage.
The jackal bites you but does no damage.
You take 1 damage, and have 9/19 hp.
You hit the jackal. You barely miss the bat.
Your bat barely misses the bat.
The bat hits you.
Your bat misses the bat. The bat completely misses your bat.
The bat hits you but does no damage.
Your bat closely misses the bat.
The bat completely misses you. The bat closely misses you.
The jackal closely misses you.
Your bat misses the bat. The jackal bites you.
You take 2 damage, and have 7/19 hp.
You miscast Summon Small Mammal.
You are very lightly contaminated with residual magic.
The world appears momentarily distorted.
Your bat barely misses the bat.
The bat hits you. The bat barely misses you.
Your bat barely misses the bat.
The bat barely misses your bat. The bat barely misses you.
Your bat closely misses the bat.
The jackal closely misses you. The bat misses you.
You take 1 damage, and have 6/19 hp.
You now have 5/7 mp.
Your bat closely misses the bat.
The bat hits you.
* * * LOW HITPOINT WARNING * * *
Your bat barely misses the bat.
The bat hits you.
* * * LOW HITPOINT WARNING * * *
Your bat closely misses the bat.
The jackal closely misses you. The bat barely misses your bat.
You take 2 damage, and have 4/19 hp.
You now have 4/7 mp.
You barely miss the jackal. x2; You barely miss the bat.
Your bat closely misses the bat.
The bat closely misses you.
Your bat closely misses the bat.
The bat hits you but does no damage.
Your bat hits the bat but does no damage.
The jackal bites you.
* * * LOW HITPOINT WARNING * * *
The jackal barely misses you.
Your bat hits the bat but does no damage.
The jackal closely misses you. The bat hits you.
You die...

#.#### ##.....##
#.. ##...## #..
##'## #..# ## #.#
#..# .. #.### ....
#. ##...#### #b
##.........
#..#.#h##.....#####
.....hh@r....##
#.####b####.## #b
#.# #. #.# .. #.#
## .# ###


You could see 3 jackals, 2 bats, a friendly quokka and a friendly bat.

Vanquished Creatures
  An adder (D:2)
  A dart slug (D:1)
  4 bats
  A hobgoblin (D:2)
  2 frilled lizards
  4 goblins
  A kobold (D:1)
  2 rats (D:2)
16 creatures vanquished.

Vanquished Creatures (collateral kills)
  A bat (D:2)
  A giant cockroach (D:1)
  A goblin (D:1)
  3 hobgoblins
  A jackal (D:2)
  A quokka (D:2)
  2 frilled lizards
10 creatures vanquished.

Grand Total: 26 creatures vanquished

Notes
Turn   | Place    | Note
-------+----------+-------------------------------------------
     0 | D:1      | Irenicus the Tengu Summoner began the quest for the Orb.
     0 | D:1      | Reached XP level 1. HP: 10/10 MP: 4/4
   133 | D:1      | Reached skill level 5 in Summonings
   183 | D:1      | Reached XP level 2. HP: 14/15 MP: 4/6
   403 | D:2      | Reached XP level 3. HP: 12/19 MP: 5/7
   499 | D:2      | Reached skill level 6 in Summonings
   538 | D:2      | HP: 3/19 [quokka (4)]
   716 | D:2      | HP: 4/19 [bat (1)]
   717 | D:2      | HP: 1/19 [jackal (3)]
   717 | D:2      | Slain by a bat

Skill      XL: |  1  2  3 |
---------------+----------+-----
Summonings     | 5 6 |  6.1
Dodging        | |  2.2
Stealth        | |  2.0
Spellcasting   | |  2.0

Action                   || total
-------------------------++-------
Melee: Club              ||    30
       Kick              ||     6
       Peck              ||     3
       Hand axe          ||    27
 Cast: Summon Small Mamm ||    17
 Stab: Sleeping          ||     3
Armor: Robe              ||    15
Dodge: Dodged            ||    74

Levels and vault maps discovered:
D:1:      nagdon_arrival_double_spiral, layout_loops_ring,
          ebering_dispersal_statue_hall, st_stairs_4, minmay_pentomino_o2
D:2:      layout_loops_corners

Table legend:
 A = Turns spent in this place as a percentage of turns spent in the entire game.
 B = Non-inter-level travel turns spent in this place as a percentage of non-inter-level travel turns spent in the entire game.
 C = Inter-level travel turns spent in this place as a percentage of turns spent in this place.
 D = Turns resting spent in this place as a percentage of non-inter-level travel turns spent in this place.
 E = Turns spent auto-exploring this place as a percentage of non-inter-level travel turns spent in this place.
 F = Non-inter-level travel turns spent in this place divided by the number of levels of this place that you've seen.
                   A       B       C       D       E      F
               +-------+-------+-------+-------+-------+----------------------
         Total | 100.0 | 100.0 |   0.0 |   0.0 |   0.0 | 358.5
       Dungeon | 100.0 | 100.0 |   0.0 |   0.0 |   0.0 | 358.5
               +-------+-------+-------+-------+-------+----------------------

Table legend:
 A = Kills in this place as a percentage of kills in entire the game.
 B = Kills by you in this place as a percentage of kills by you in the entire game.
 C = Kills by friends in this place as a percentage of kills by friends in the entire game.
 D = Other kills in this place as a percentage of other kills in the entire game.
 E = Experience gained in this place as a percentage of experience gained in the entire game.
 F = Experience gained in this place divided by the number of levels of this place that you have seen.
                   A       B       C       D       E      F
               +-------+-------+-------+-------+-------+----------------------
         Total | 100.0 | 100.0 | 100.0 |   N/A | 100.0 |  24.0
       Dungeon | 100.0 | 100.0 | 100.0 |   N/A | 100.0 |  24.0
               +-------+-------+-------+-------+-------+----------------------
